 Dungeon Crawl Stone Soup version 0.23-a0-150-g7664ed78f7 (webtiles) character file.

411 Fandomethor the Cudgeler (level 6, 0/37 HPs)
             Began as a Gargoyle Fighter on Sept 7, 2018.
             Splashed by Ijyb's acid (11 damage)
             ... on level 4 of the Dungeon.
             The game lasted 00:04:34 (3459 turns).

Fandomethor the Cudgeler (Gargoyle Fighter)         Turns: 3459, Time: 00:04:34

Health: 0/37       AC: 16    Str: 19    XL:     6   Next: 90%
Magic:  6/6        EV:  3    Int:  9    God:
Gold:   230        SH:  9    Dex: 11    Spells: 5/5 levels left

rFire    . . .     SeeInvis .   a - +0 flail
rCold    + . .     Gourm    .   c - +0 shield
rNeg     + . .     Faith    .   x - +0 plate armour
rPois    ∞         Spirit   .   n - +0 helmet
rElec    +         Reflect  .   z - +2 cloak
rCorr    .         Harm     .   (no gloves)
MR       +....                  (no boots)
Stlth    ..........             (no amulet)
HPRegen  0.12/turn              C - ring of protection from cold
MPRegen  0.10/turn              q - ring of protection from magic

@: corroded
A: negative energy resistance 1, electricity resistance, unbreathing,
petrification resistance, rot immunity, AC +4
a: no special abilities


You were on level 4 of the Dungeon.
You were not hungry.

You visited 1 branch of the dungeon, and saw 4 of its levels.

You collected 230 gold pieces.

Inventory:

Hand Weapons
 a - a +0 flail (weapon)
Armour
 c - a +0 shield (worn)
 n - a +0 helmet (worn)
 x - a +0 plate armour (worn)
 z - a +2 cloak (worn)
Jewellery
 l - a +3 ring of dexterity
 q - a ring of protection from magic (right hand)
 y - an uncursed ring of see invisible
 C - a ring of protection from cold (left hand)
Wands
 o - a wand of enslavement (15)
 E - a wand of flame (14)
Scrolls
 b - a scroll of enchant armour {unknown}
 e - 2 scrolls of blinking {unknown}
 g - 5 scrolls of remove curse {unknown}
 i - 3 scrolls of teleportation {unknown}
 j - 8 scrolls of identify {unknown}
 k - 2 scrolls of random uselessness {unknown}
 r - a scroll of noise {unknown}
 t - a scroll of immolation {unknown}
 w - a scroll of amnesia {unknown}
 A - a scroll of fear {unknown}
Potions
 d - a potion of might
 h - 3 potions of flight {unknown}
 m - 2 potions of cancellation {unknown}
 p - 2 potions of ambrosia {unknown}
 s - a potion of berserk rage {unknown}
 u - a potion of resistance {unknown}
 v - a potion of lignification {unknown}
 B - a potion of heal wounds {unknown}
 D - 2 potions of magic {unknown}
 F - a potion of degeneration {unknown}
Comestibles
 f - 15 rations


   Skills:
 - Level 3.2 Fighting
 + Level 6.5 Maces & Flails
 + Level 3.9 Armour
 + Level 3.9 Shields


You had 5 spell levels left.
You didn't know any spells.
Your spell library was empty.

Dungeon Overview and Level Annotations

Branches:
Dungeon (4/15)
 Temple: D:4-7

Altars:
Ru
Yredelemnul
The Shining One

Annotations:
D:4 Ijyb


Innate Abilities, Weirdness & Mutations

You are resistant to torment.
Your stone body is resilient. (AC +4)
You are immune to poison.
You resist negative energy. (rN+)
You are resistant to electric shocks. (rElec)
You can survive without breathing.
You are immune to petrification.
You are immune to rotting.


Message History

G - a chunk of flesh You see here a frilled lizard skeleton. x2
Eating a chunk of flesh.
You eat the chunk of flesh.
This raw flesh tastes terrible.
Ijyb the Twisted Goblin comes into view.
Ijyb shouts!
Ijyb is nearby!
Ijyb is nearby!
Ijyb is nearby!
Ijyb zaps a wand.
The bolt of acid hits you!
You are splashed with acid!
The acid burns!
It is a wand of acid (3).
Found a ration.
You are too injured to fight recklessly!
You are too injured to fight recklessly!
You are too injured to fight recklessly!
You see here a frilled lizard skeleton.
Ijyb zaps a wand.
The bolt of acid hits you!
* * * LOW HITPOINT WARNING * * *
The acid corrodes you!
You are splashed with acid!
The acid burns!
You die...

# ###. .. ... #
#....## .##...#.##
#...## .##...#...
#.g## ##.##.#....
#.%.#..## #..##....
#.#.##..####.###..#
# #.....÷@........#
....###.#........#
## #.# #.......##.#
##. # #.....####.#
#.. #....## #.# .)#
....#.# #.# <.
######## #)# #.
######.# #<
#....#.# #.


You could see Ijyb.

Vanquished Creatures
  Sigmund (D:2)
  Blork the orc (D:4)
  A howler monkey (D:2)
  A worker ant (D:4)
  An adder (D:3)
  6 oozes
  6 worms
  A dart slug (D:1)
  3 leopard geckos
  2 orcs
  2 ball pythons
  8 bats
  4 giant cockroaches
  8 goblins
  6 hobgoblins
  7 jackals
  7 kobolds
  2 quokkas
  7 frilled lizards
  11 rats
85 creatures vanquished.

Notes
Turn   | Place    | Note
-------+----------+-------------------------------------------
     0 | D:1      | Fandomethor the Gargoyle Fighter began the quest for the
                  | Orb.
     0 | D:1      | Reached XP level 1. HP: 14/14 MP: 1/1
     1 | D:1      | Found a runed door.
    20 | D:1      | Reached XP level 2. HP: 19/19 MP: 2/2
    33 | D:1      | Reached skill level 3 in Maces & Flails
    43 | D:1      | Reached XP level 3. HP: 23/23 MP: 3/3
   386 | D:1      | Reached skill level 4 in Maces & Flails
   656 | D:1      | Reached XP level 4. HP: 26/28 MP: 4/4
  1046 | D:2      | Noticed Sigmund
  1076 | D:2      | HP: 1/28 [bat (1)]
  1598 | D:2      | Killed Sigmund
  1598 | D:2      | Reached skill level 6 in Maces & Flails
  1598 | D:2      | Reached XP level 5. HP: 23/32 MP: 5/5
  1598 | D:2      | Reached XP level 6. HP: 27/37 MP: 6/6
  2137 | D:2      | Found a basalt altar of Yredelemnul.
  2162 | D:2      | Found a glowing golden altar of the Shining One.
  2406 | D:2      | Noticed an angel
  3349 | D:4      | Found a sacrificial altar of Ru.
  3421 | D:4      | Noticed Blork the orc
  3428 | D:4      | Killed Blork the orc
  3453 | D:4      | Noticed Ijyb
  3459 | D:4      | Splashed by Ijyb's acid

Vault maps used:
D:1:      dpeg_arrival_caged_fury
D:2:      kennysheep_six_static_rooms, grunt_temple_overflow_holy_war,
          first_ration, minmay_joined_circles, uniq_sigmund
D:4:      lemuel_round_altar, kennysheep_generic_room_9,
          uniq_crazy_yiuf_cottage, uniq_ijyb, uniq_duvessa, uniq_blork_the_orc

Skill      XL: |  1  2  3  4 |
---------------+-------------+-----
Maces & Flails | 3 4 6 |  6.5
Fighting       | |  3.2
Armour         | |  3.9
Shields        | |  3.9

Action                   |  1- 3 |  4- 6 || total
-------------------------+-------+-------++-------
Melee: Flail             |    90 |   240 ||   330
  Use: Potion            |       |     1 ||     1
  Eat: Chunk             |       |     9 ||     9
Armor: Scale mail        |    56 |    83 ||   139
       Plate armour      |       |    66 ||    66
Dodge: Dodged            |    28 |    65 ||    93
Block: Shield            |    38 |   126 ||   164

Table legend:
 A = Non-vault XP
 B = Vault XP
 C = Vault XP percentage of total XP
 D = Non-vault monster count
 E = Vault monster count
 F = Vault count percentage of total count
                 A         B        C        D         E       F
            +---------+---------+-------+---------+---------+-------
      Total |     210 |     378 |  64.3 |      55 |      30 |  35.3
            +---------+---------+-------+---------+---------+-------
        D:1 |      30 |      55 |  64.7 |      14 |      14 |  50.0
        D:2 |      96 |     230 |  70.6 |      20 |      14 |  41.2
        D:3 |      47 |       2 |   4.1 |      18 |       1 |   5.3
        D:4 |      37 |      91 |  71.1 |       3 |       1 |  25.0
            +---------+---------+-------+---------+---------+-------
